 Dungeon Crawl Stone Soup version 0.20.1-1-g8b1a95d (webtiles) character file.

1932 pstr the Conjurer (level 9, -3/48 HPs)
             Began as a Kobold Conjurer on Nov 19, 2017.
             Was an Initiate of Qazlal.
             Killed by nerve-wracking pain
             ... invoked by a shadow imp
              (5 damage)
             ... on level 6 of the Dungeon.
             The game lasted 00:23:52 (8830 turns).

pstr the Conjurer (Kobold Conjurer)                 Turns: 8830, Time: 00:23:53

Health: -3/48      AC: 12    Str:  6    XL:     9   Next: 40%
Magic:  8/19       EV: 13    Int: 24    God:    Qazlal [......]
Gold:   267        SH:  0    Dex: 15    Spells: 18/21 levels left

rFire    . . .     SeeInvis .   E - +3 quarterstaff
rCold    . . .     Gourm    .   (shield currently unavailable)
rNeg     . . .     Faith    .   o - +1 ring mail
rPois    .         Spirit   .   w - +0 hat
rElec    .         Reflect  .   H - +0 cloak
rCorr    .         Harm     .   C - +0 pair of gloves
MR       .....                  x - +2 pair of boots
Stlth    +.........             (no amulet)
Regen    0.2/turn               h - ring of loudness
MPRegen  0.2/turn               y - ring of flight

@: brilliant, very slightly contaminated
A: carnivore 3
a: Renounce Religion, Evoke Flight


You were on level 6 of the Dungeon.
You worshipped Qazlal.
Qazlal was noncommittal.
You were very full.

You visited 2 branches of the dungeon, and saw 7 of its levels.

You collected 267 gold pieces.

Inventory:

Hand Weapons
 g - a +0 club
 E - a +3 quarterstaff (weapon)
 F - a +1 long sword of holy wrath
Missiles
 d - 93 arrows
 f - 160 stones (quivered)
Armour
 a - a +0 robe
 l - a +0 leather armour
 o - a +1 ring mail (worn)
 p - a +0 helmet
 w - a +0 hat (worn)
 x - a +2 pair of boots (worn)
 C - a +0 pair of gloves (worn)
 H - a +0 cloak (worn)
 L - a +0 leather armour of poison resistance
Jewellery
 h - a ring of loudness (left hand)
 y - a ring of flight (right hand)
Scrolls
 i - a scroll of remove curse
 k - 5 scrolls of teleportation
 m - 3 scrolls of identify
 r - a scroll of blinking
 u - a scroll of amnesia
 K - a scroll of fog
Potions
 e - a potion of curing
 q - a potion of magic
Books
 b - a book of Conjurations

   Spells                             Type                      Level
   a - Magic Dart                     Conjuration                  1
   b - Searing Ray                    Conjuration                  2
   c - Dazzling Spray                 Conjuration/Hexes            3
   d - Fulminant Prism                Conjuration/Hexes            4
   e - Force Lance                    Conjuration/Translocation    4
   f - Iskenderun's Mystic Blast      Conjuration                  4
 G - a book of Minor Magic

   Spells                             Type                      Level
   a - Magic Dart                     Conjuration                  1
   b - Blink                          Translocation                2
   c - Call Imp                       Summoning                    2
   d - Slow                           Hexes                        2
   e - Conjure Flame                  Conjuration/Fire             3
   f - Mephitic Cloud                 Conjuration/Poison/Air       3
Comestibles
 c - 2 meat rations
 n - 2 royal jellies


   Skills:
 + Level 1.8 Fighting
 + Level 1.4 Staves
 + Level 4.3 Armour
 + Level 4.2 Dodging
 + Level 4.3 Stealth
 + Level 6.7 Spellcasting
 + Level 7.7 Conjurations


You had 18 spell levels left.
You knew the following spells:

 Your Spells              Type           Power        Failure   Level  Hunger
a - Magic Dart            Conj           ####         1%          1    None
b - Searing Ray           Conj           ######       1%          2    None


Dungeon Overview and Level Annotations

Branches:
Dungeon (6/15)             Temple (1/1) D:6

Altars:
Ashenzari
Cheibriados
Elyvilon
Gozag
Hepliaklqana
Kikubaaqudgha
Makhleb
Nemelex Xobeh
Okawaru
Qazlal
Ru
Sif Muna
Trog
Uskayaw
Vehumet
Xom
Zin
The Shining One

Shops:
D:5 [

Annotations:
D:6 1 transporter


Innate Abilities, Weirdness & Mutations

You are small and have problems with some larger weapons.
You are carnivorous and can eat meat at any time.


Message History

You feel better.
The quasit splashes around in the water. x2
The quasit claws you but does no damage.
The shadow imp lashes its tail.
The red devil barely misses you.
Something hits the plant!
The quasit bites you but does no damage.
The quasit claws you but does no damage.
The quasit misses you.
The rust devil hits the plant.
The rust devil corrodes the plant!
The orc priest mumbles some strange prayers to Beogh against you.
Beogh smites you!
* * * LOW HITPOINT WARNING * * *
The red devil hits the plant with an enchanted trident!!
The shadow imp gestures at you. Pain shoots through your body!
* * * LOW HITPOINT WARNING * * *
The shadow imp gestures at you. Pain shoots through your body!
You die...

##...## #.....# #..≈...>...
#####.# ##...## #..≈.......
......######....#######..≈.......
.....................#..♣≈♣.....♣
..##.###############.#..♣≈≈≈≈≈)≈≈
...#.#8P#....5.o#≈8#.#..♣♣♣.....♣
.....#P.#≈≈≈4≈≈≈#.P#.#...........
....§#./#..4≈≈..#?$#...###..####.
....©#..'..4♣P55@.©#...# #[## ##
.....#./#..5P≈..#($#...# #[#
...#.#P.#≈≈≈≈≈≈≈#.P#.#.# #.#####
####.#8P#5o4KK55#≈8#.#.###.....#
####.###############.#[........#
.....................###.......##
...............#................#
#####..........########..........
#.........## #..........


You could see an orange demon, a hellwing, a rust devil, 2 kobold demonologists,
2 orc priests, 3 quasits, 2 shadow imps and 2 ufetubi.

Vanquished Creatures
  Prince Ribbit (D:6)
  Eustachio (D:6)
  2 ice beasts
  A black bear (D:6)
  An ogre (D:5)
  A centaur (D:6)
  A necrophage (D:5)
  Blork the orc (D:6)
  2 bullfrogs (D:6)
  2 water moccasin skeletons
  A scorpion (D:3)
  2 howler monkeys
  A bullfrog zombie (D:6)
  3 crimson imps
  A jelly (D:5)
  2 orc priests (D:6)
  A hound (D:5)
  An iguana (D:6)
  An orc wizard (D:3)
  5 worker ants
  A hound skeleton (D:4)
  7 adders
  3 river rats (D:6)
  A shadow imp (D:6)
  An ooze (D:2)
  An adder zombie (D:6)
  An adder skeleton (D:5)
  3 worms
  2 dart slugs
  5 leopard geckos
  9 orcs
  4 giant cockroaches
  2 goblins
  10 hobgoblins
  16 jackals
  A quokka (D:6)
  2 ball pythons
  7 bats
  3 frilled lizards
  A giant cockroach zombie (D:5)
  6 kobolds
  A leopard gecko zombie (D:5)
  10 rats
128 creatures vanquished.

Notes
Turn   | Place    | Note
-------+----------+-------------------------------------------
     0 | D:1      | pstr the Kobold Conjurer began the quest for the Orb.
     0 | D:1      | Reached XP level 1. HP: 10/10 MP: 3/3
   204 | D:1      | Reached XP level 2. HP: 15/15 MP: 1/5
   208 | D:1      | Learned a level 2 spell: Searing Ray
  1074 | D:2      | Reached XP level 3. HP: 9/19 MP: 1/6
  1581 | D:2      | Reached XP level 4. HP: 24/24 MP: 2/8
  2243 | D:2      | Found a white marble altar of Elyvilon.
  2645 | D:3      | Reached skill level 5 in Conjurations
  2645 | D:3      | Reached XP level 5. HP: 28/28 MP: 6/10
  3441 | D:3      | Reached XP level 6. HP: 33/33 MP: 1/11
  3538 | D:3      | Found a shattered altar of Ashenzari.
  3993 | D:3      | Found an opulent altar of Gozag.
  3994 | D:3      | Found a glowing silver altar of Zin.
  5557 | D:5      | Entered Level 5 of the Dungeon
  5684 | D:5      | Reached skill level 1 in Armour
  5684 | D:5      | Reached XP level 7. HP: 37/37 MP: 9/13
  5715 | D:5      | Reached skill level 6 in Conjurations
  5995 | D:5      | Reached skill level 5 in Spellcasting
  6119 | D:5      | Reached skill level 1 in Fighting
  6119 | D:5      | Reached XP level 8. HP: 42/43 MP: 5/15
  6462 | D:5      | Found Weireim's Armour Boutique.
  7060 | D:6      | Noticed a kobold demonologist
  7063 | D:6      | Noticed a kobold demonologist
  7063 | D:6      | Found a transporter.
  7066 | D:6      | Found a transporter.
  7265 | D:6      | Found a staircase to the Ecumenical Temple.
  7707 | D:6      | Reached skill level 7 in Conjurations
  7850 | D:6      | Noticed Blork the orc
  7859 | D:6      | Killed Blork the orc
  7859 | D:6      | Reached skill level 1 in Staves
  7859 | D:6      | Reached XP level 9. HP: 41/47 MP: 7/18
  7943 | D:6      | Noticed Eustachio
  7952 | D:6      | Killed Eustachio
  8029 | D:6      | Noticed Prince Ribbit
  8047 | D:6      | Killed Prince Ribbit
  8605 | Temple   | Entered the Ecumenical Temple
  8631 | Temple   | Became a worshipper of Qazlal Stormbringer
  8814 | D:6      | Noticed an orange demon
  8815 | D:6      | Noticed a rust devil
  8819 | D:6      | Noticed a hellwing
  8821 | D:6      | HP: 2/48 [hellwing[a kobold demonologist] (11)]
  8822 | D:6      | Noticed a red devil
  8829 | D:6      | HP: 1/48 [shadow imp/nerve-wracking pain (12)]
  8830 | D:6      | Killed from afar by a shadow imp

Skill      XL: |  1  2  3  4  5  6  7  8  9 |
---------------+----------------------------+-----
Stealth        | 3 4 |  4.3
Spellcasting   | 3 4 5 6 |  6.7
Conjurations   | 5 6 7 |  7.7
Dodging        | 3 4 |  4.2
Armour         | 1 2 3 4 |  4.3
Fighting       | 1 |  1.8
Staves         | 1 |  1.4

Action                   |  1- 3 |  4- 6 |  7- 9 || total
-------------------------+-------+-------+-------++-------
Melee: Club              |       |    14 |       ||    14
       Quarterstaff      |       |       |     9 ||     9
 Cast: Magic Dart        |    48 |    68 |    28 ||   144
       Searing Ray       |     4 |    24 |    52 ||    80
  Use: Scroll            |       |       |    14 ||    14
       Potion            |       |       |     9 ||     9
  Eat: Chunk             |    11 |    12 |    10 ||    33
Armor: Robe              |     3 |     2 |       ||     5
       Ring mail         |       |    15 |    42 ||    57
Dodge: Dodged            |    13 |    45 |    58 ||   116
